 Dungeon Crawl Stone Soup version 0.19-a0-1905-ge8b2aad (webtiles) character file.

425 Naow the Sneak (level 6, -2/28 HPs)
             Began as a Spriggan Enchanter on Oct 21, 2016.
             Killed by nerve-wracking pain
             ... invoked by an orc priest
              (6 damage)
             ... on level 5 of the Dungeon.
             The game lasted 00:09:38 (4346 turns).

Naow the Sneak (Spriggan Enchanter)                 Turns: 4346, Time: 00:09:39

Health: -2/28      AC:  4    Str:  6    XL:     6   Next: 64%
Magic:  14/14      EV: 18    Int: 16    God:
Gold:   258        SH:  3    Dex: 17    Spells: 2 memorised, 11 levels left

rFire  . . .     SeeInvis +     a - +1 dagger
rCold  . . .     Gourm    .     b - +1 robe
rNeg   . . .     Faith    .     (shield restricted)
rPois  .         Spirit   .     (helmet restricted)
rElec  .         Reflect  +     s - +0 cloak
rCorr  .         Harm     .     (gloves unavailable)
MR     +....     Rnd*Tele +     (boots unavailable)
Stlth  ++++......               i - +3 amulet of reflection
                                (no ring)
                                g - ring of teleportation (curse)

@: very quick
A: unfitting armour, see invisible, herbivore 3, speed 3, slow metabolism 2
a: no special abilities


You were on level 5 of the Dungeon.
You were not hungry.

You visited 1 branch of the dungeon, and saw 5 of its levels.

You collected 258 gold pieces.

Inventory:

Hand Weapons
 a - a +1 dagger (weapon)
Missiles
 w - 27 poisoned needles
Armour
 b - a +1 robe (worn)
 s - a +0 cloak (worn)
Jewellery
 g - a cursed ring of teleportation (left hand)
 i - a +3 amulet of reflection (around neck)
Wands
 n - a wand of slowing (18/48)
Scrolls
 h - 4 scrolls of identify {unknown}
 j - 3 scrolls of random uselessness {unknown}
 k - a scroll of fog {unknown}
 m - a scroll of enchant armour {unknown}
 r - a scroll of amnesia {unknown}
 v - 2 scrolls of enchant weapon {unknown}
 x - a scroll of teleportation {unknown}
Potions
 e - 6 potions of curing {unknown}
 l - a potion of mutation {unknown}
 o - 2 potions of flight {unknown}
 p - 2 potions of invisibility {unknown}
 q - a potion of ambrosia {unknown}
 t - a potion of might {unknown}
 u - a potion of agility {unknown}
Books
 c - a book of Maledictions

   Spells                             Type                      Level
   a - Corona                         Hexes                        1
   b - Ensorcelled Hibernation        Hexes/Ice                    2
   c - Confuse                        Hexes                        3
   d - Tukima's Dance                 Hexes                        3
   e - Dazzling Spray                 Conjuration/Hexes            3
Comestibles
 d - 2 bread rations
 f - a fruit


   Skills:
 + Level 3.9 Short Blades
 - Level 3.0 Dodging
 + Level 7.2 Stealth
 + Level 4.7 Spellcasting
 + Level 5.4 Hexes


You had 11 spell levels left.
You knew the following spells:

 Your Spells              Type           Power        Failure   Level  Hunger
a - Corona                Hex            ###....      1%          1    None
b - Ensorcelled Hibernat  Hex/Ice        ##....       10%         2    ##.....


Dungeon Overview and Level Annotations

Branches:
Dungeon (5/15)
 Temple: D:4-7

Altars:
Elyvilon
Gozag
Hepliaklqana
Trog
Yredelemnul

Annotations:
D:4 Dowan, Duvessa


Innate Abilities, Weirdness & Mutations

You are very small and have problems with some larger weapons.
You are too small for most types of armour.
You have supernaturally acute eyesight. (SInv)
You are a herbivore.
You cover ground extremely quickly.
You need consume almost no food.


Message History

Beogh smites you!
* * * LOW HITPOINT WARNING * * *
You barely miss the orc.
The orc is heavily wounded.
The centaur skeleton barely misses you. You block the orc's attack.
The orc priest miscasts a cantrip.
You hit the orc.
The orc is severely wounded.
The centaur skeleton hits you but does no damage.
The orc priest barely misses you. The orc closely misses you.
You hit the orc.
You kill the orc!
The centaur skeleton barely misses you. The necrophage closely misses you.
The centaur skeleton barely misses you. The orc priest misses you.
Things that are here:
a mace; a mace of draining The orc priest barely misses you.
The orc priest mumbles some strange prayers to Beogh against you.
Pain shoots through your body!
You die...

##..##.....##....##.....##...#
....#............##.....##.†.#
....#..(.........##.....##...#
....#........................#
###+#####'#########..........#
.#..##.....#......########'####
.#..'......#..................#
.'..#%.....+..................#
.##'##.....#....@.............#
.#..########...........o......#
.#.........#..................#
.#.........#..nZo.............#
.#####.....'......##'#####+####
.#..##.....#......#o...+.....#
.#...'.....#......'....#.....#
.#..##.....#......#.>..##....#
.#..########......#....##....#


You could see a necrophage, an orc priest, an orc (wandering) and a centaur
skeleton.

Vanquished Creatures
  Sigmund (D:2)
  A scorpion (D:4)
  A jelly (D:5)
  Crazy Yiuf (D:2)
  An iguana (D:5)
  A gnoll (D:1)
  3 adders
  An ooze (D:3)
  5 worms
  2 dart slugs
  5 leopard geckos
  6 orcs
  A ball python (D:3)
  3 bats
  2 giant cockroaches
  4 goblins
  11 hobgoblins
  4 jackals (D:1)
  3 quokkas
  3 frilled lizards
  12 kobolds
  15 rats
86 creatures vanquished.

Notes
Turn   | Place    | Note
-------+----------+-------------------------------------------
     0 | D:1      | Naow the Spriggan Enchanter began the quest for the Orb.
     0 | D:1      | Reached XP level 1. HP: 9/9 MP: 5/5
   256 | D:1      | Reached XP level 2. HP: 5/13 MP: 6/6
   260 | D:1      | Learned a level 2 spell: Ensorcelled Hibernation
   731 | D:1      | Reached skill level 5 in Stealth
   989 | D:1      | Reached XP level 3. HP: 7/16 MP: 5/8
  1697 | D:2      | Noticed Sigmund
  1705 | D:2      | Killed Sigmund
  1705 | D:2      | Reached skill level 6 in Stealth
  1705 | D:2      | Reached XP level 4. HP: 21/21 MP: 0/11
  1705 | D:2      | Reached XP level 5. HP: 24/24 MP: 0/12
  2212 | D:2      | Found a runed door.
  2710 | D:2      | Noticed Crazy Yiuf
  2714 | D:2      | Killed Crazy Yiuf
  2785 | D:3      | Reached XP level 6. HP: 22/28 MP: 4/13
  2792 | D:3      | Reached skill level 5 in Hexes
  3149 | D:3      | Found a hazy altar of Hepliaklqana.
  3157 | D:3      | Found a white marble altar of Elyvilon.
  3162 | D:3      | Found an opulent altar of Gozag.
  3460 | D:4      | Noticed a moth of wrath
  3463 | D:4      | Found a bloodstained altar of Trog.
  3563 | D:4      | Reached skill level 7 in Stealth
  3598 | D:4      | Found a basalt altar of Yredelemnul.
  3674 | D:4      | Noticed Duvessa
  3677 | D:4      | Noticed Dowan
  3704 | D:5      | Entered Level 5 of the Dungeon
  4346 | D:5      | Killed from afar by an orc priest

Vault maps used:
D:1:      dpeg_arrival_orchard
D:2:      first_bread, uniq_sigmund, uniq_crazy_yiuf_cottage
D:3:      minitemple
D:4:      minmay_goblin_kobold_castle, lemuel_crystal_altar, tgw_trog,
          nicolae_ru_great_annihilating_truth, uniq_duvessa

Skill      XL: |  1  2  3  4  5  6 |
---------------+-------------------+-----
Stealth        | 5 6 7 |  7.2
Spellcasting   | 3 4 |  4.7
Hexes          | 4 5 |  5.4
Short Blades   | 3 |  3.9
Dodging        | |  3.0

Action                   |  1- 3 |  4- 6 || total
-------------------------+-------+-------++-------
Melee: Dagger            |   109 |   189 ||   298
 Cast: Ensorcelled Hiber |    23 |    24 ||    47
 Stab: Sleeping          |    22 |    31 ||    53
  Eat: Bread ration      |       |     1 ||     1
       Fruit             |       |     1 ||     1
Armor: Robe              |    15 |    14 ||    29
Dodge: Dodged            |    76 |   136 ||   212
Block: Other             |     2 |    17 ||    19
